 Dungeon Crawl Stone Soup version 0.30-a0-137-gd8773701ce (webtiles) character file.

Game seed: 11672029590807564807

444 jimonade the Skirmisher (level 6, 0/34 HPs)
             Began as a Deep Elf Hunter on Sept 21, 2022.
             Was an Initiate of Hepliaklqana.
             Slain by a gnoll
             ... wielding a +0 halberd
              (12 damage)
             ... on level 5 of the Dungeon.
             The game lasted 00:08:34 (4101 turns).

jimonade the Skirmisher (Deep Elf Hunter)           Turns: 4101, Time: 00:08:34

Health: 0/34       AC:  7    Str:  8    XL:     6   Next: 72%
Magic:  8/8        EV: 10    Int: 14    God:    Hepliaklqana [......]
Gold:   214        SH:  0    Dex: 20    Spells: 5/5 levels left

rFire   . . .      SeeInvis .    a - +0 shortbow
rCold   . . .      Faith    .    (shield currently unavailable)
rNeg    . . .      Spirit   .    w - +0 ring mail
rPois   .          Reflect  .    r - +0 helmet
rElec   .          Harm     .    (no cloak)
rCorr   .          Rampage  .    u - +0 pair of gloves
Will    .....                    (no boots)
Stlth   +.........               (no amulet)
HPRegen 0.11/turn                (no ring)
MPRegen 0.11/turn                (no ring)

@: studying Ranged Weapons
A: no striking features
a: Renounce Religion


You were on level 5 of the Dungeon.
You worshipped Hepliaklqana.
Hepliaklqana was noncommittal.
You visited 2 branches of the dungeon, and saw 6 of its levels.

You collected 214 gold pieces.

Inventory:

Hand Weapons
 a - a +0 shortbow (weapon)
 b - a +4 short sword
 j - a +2 quarterstaff of speed
 o - a +1 dagger of draining
 q - a +0 sling
Missiles
 e - 16 poisoned darts
Armour
 c - a +0 leather armour
 r - a +0 helmet (worn)
 t - a +0 buckler
 u - a +0 pair of gloves (worn)
 w - a +0 ring mail (worn)
 z - a +0 scale mail of willpower
Jewellery
 y - a ring of wizardry
Scrolls
 h - 2 scrolls of immolation
 m - a scroll of vulnerability
 p - a scroll of fear
Potions
 d - 3 potions of curing
 f - 2 potions of brilliance
 i - 2 potions of magic
 n - a potion of berserk rage {unknown}
 v - a potion of attraction {unknown}


   Skills:
 - Level 1.5 Fighting
 + Level 12.6 Ranged Weapons
 - Level 2.4 Dodging
 - Level 1.2 Stealth


You had 5 spell levels left.
You didn't know any spells.
Your spell library was empty.

Dungeon Overview and Level Annotations

Branches:
Dungeon (5/15)             Temple (1/1) D:4

Altars:
Ashenzari
Cheibriados
Dithmenos
Fedhas
Gozag
Hepliaklqana
Makhleb
Nemelex Xobeh
Okawaru
Qazlal
Ru
Sif Muna
Trog
Uskayaw
Vehumet
Wu Jian
Xom
Yredelemnul
Zin
The Shining One

Annotations:
D:3 exclusion: downstairs
D:4 Eustachio, Ijyb


Message History

You shoot an arrow. The arrow hits the gnoll!
You kill the gnoll!
An iguana comes into view.
You shoot an arrow. The arrow hits the gnoll!
The gnoll is almost dead.
You shoot an arrow. The arrow hits the gnoll!
You kill the gnoll!
A gnoll comes into view. It is wielding a +0 spear.
You shoot an arrow.
The arrow hits the iguana but does no damage.
A gnoll comes into view. It is wielding a +0 halberd.
You shoot an arrow. The arrow closely misses the iguana.
You shoot an arrow.
The arrow hits the iguana but does no damage.
You shoot an arrow.
The arrow hits the iguana but does no damage.
The iguana bites you but does no damage.
The iguana attacks as you move away! The iguana barely misses you.
You shoot an arrow. The arrow closely misses the iguana.
The iguana bites you. The gnoll barely misses you.
You shoot an arrow. The arrow barely misses the iguana.
The gnoll throws a throwing net.
The throwing net barely misses you.
The gnoll hits you from afar with a +0 spear!
The iguana bites you.
You see here a throwing net.
You shoot an arrow. The arrow closely misses the iguana.
The gnoll hits you but does no damage. The iguana barely misses you.
You shoot an arrow. The arrow hits the iguana.
The iguana is lightly wounded.
The iguana closely misses you. The gnoll hits you but does no damage.
You shoot an arrow. The arrow barely misses the iguana.
The arrow hits the gnoll.
The gnoll is moderately wounded.
The gnoll completely misses you. The iguana barely misses you.
The gnoll barely misses you.
You shoot an arrow. The arrow hits the iguana!
The iguana is severely wounded.
The iguana bites you!
The gnoll hits you from afar with a +0 halberd!
You die...

..............##.## #....
............#####.###...#
.)..)......## ##.#....#
.........### #.....[.
........## ##....#.
........## #..#.....
......#gg## #.........
....####l.# #..#.......
...# #@## #..##...... ..#
#..# #. #...... .# #.##
#..##...... .# ..........
.. ###.... ... ##... #.#
##.. #. ##. #.


You could see an iguana and 2 gnolls.

Vanquished Creatures
  A black bear (D:5)
  2 phantoms
  A scorpion (D:4)
  3 adders
  2 gnolls (D:5)
  3 dart slugs
  11 orcs
  9 bats
  3 endoplasms
  A giant cockroach (D:4)
  5 hobgoblins
  4 jackals
  4 quokkas
  6 ball pythons
  3 frilled lizards
  12 goblins
  11 kobolds
  3 rats (D:1)
84 creatures vanquished.

Notes
Turn   | Place    | Note
-------+----------+-------------------------------------------
     0 | D:1      | jimonade the Deep Elf Hunter began the quest for the Orb.
     0 | D:1      | Reached XP level 1. HP: 12/12 MP: 3/3
    99 | D:1      | Reached XP level 2. HP: 4/16 MP: 4/4
   210 | D:1      | Reached skill level 6 in Ranged Weapons
   893 | D:1      | Reached XP level 3. HP: 20/20 MP: 5/5
  1176 | D:2      | Reached skill level 7 in Ranged Weapons
  1695 | D:2      | Reached XP level 4. HP: 24/25 MP: 6/6
  1732 | D:3      | Found a faded altar of an unknown god.
  1959 | D:3      | Reached skill level 8 in Ranged Weapons
  2258 | D:3      | Found a stormy altar of Qazlal.
  2314 | D:3      | Found a shadowy altar of Dithmenos.
  2433 | D:4      | Noticed Eustachio
  2446 | D:3      | Identified a scroll of acquirement
  2446 | D:3      | Acquired a manual of Ranged Weapons
  2525 | D:4      | Noticed a phantom
  2899 | D:4      | Noticed a phantom
  2909 | D:4      | Killed a phantom
  2910 | D:4      | Reached skill level 9 in Ranged Weapons
  2910 | D:4      | Reached XP level 5. HP: 27/29 MP: 7/7
  3102 | D:4      | Reached skill level 10 in Ranged Weapons
  3115 | D:4      | Noticed Ijyb
  3116 | D:4      | Noticed a phantom
  3455 | D:4      | Found a staircase to the Ecumenical Temple.
  3461 | Temple   | Entered the Ecumenical Temple
  3503 | Temple   | Became a worshipper of Hepliaklqana the Forgotten
  3601 | D:5      | Entered Level 5 of the Dungeon
  3719 | D:5      | Noticed a black bear
  3729 | D:5      | Killed a black bear
  3730 | D:5      | Reached skill level 11 in Ranged Weapons
  3730 | D:5      | Reached XP level 6. HP: 25/34 MP: 8/8
  3900 | D:5      | Reached skill level 12 in Ranged Weapons
  4101 | D:5      | Slain by a gnoll

Illustrated notes

Levels and vault maps discovered:
D:1:      dpeg_arrival_simpleton_c, layout_basic, minmay_cupped
D:2:      layout_loops_cross, minmay_misc_feat_pillars, minmay_box_of_dots
D:3:      layout_rooms, grunt_dithmenos_smoke, lemuel_round_altar,
          dreamdust_ecumenical_altar_grove, corner_web_ring
D:4:      layout_cave_pods, minmay_temple_entry_overgrown,
          grunt_decor_mini_mirrors, uniq_natasha, uniq_eustachio, uniq_ijyb
D:5:      layout_layer_cave, minmay_starry_boxes
Temple:   compressed_dpeg_circular_temple

Skill      XL: |  1  2  3  4  5  6 |
---------------+-------------------+-----
Ranged Weapons | 6 7 9 11 12 | 12.6
Fighting       | |  1.5
Dodging        | |  2.4
Stealth        | |  1.2

Action                   |  1- 3 |  4- 6 || total
-------------------------+-------+-------++-------
Melee: Unarmed           |       |     3 ||     3
 Fire: Shortbow          |    98 |   123 ||   221
  Use: Scroll            |       |    10 ||    10
Armor: Leather armour    |     4 |     1 ||     5
       Ring mail         |       |    24 ||    24
       Skin              |       |     7 ||     7
Dodge: Dodged            |    16 |    53 ||    69

Table legend: (Time is in decaauts)
 A = Elapsed time spent in this place.
 B = Non-inter-level travel time spent in this place.
 C = Inter-level travel time spent in this place.
 D = Time resting spent in this place.
 E = Time spent auto-exploring this place.
 F = Levels seen in this place.
 G = Mean time per level.
                   A        B        C        D        E       F      G
               +--------+--------+--------+--------+--------+-----+--------+
         Total |   4150 |   3925 |    225 |    687 |   2356 |   6 |  691.7 |
       Dungeon |   4069 |   3851 |    218 |    687 |   2302 |   5 |  813.8 |
        Temple |     80 |     73 |      7 |      0 |     54 |   1 |   80.0 |
               +--------+--------+--------+--------+--------+-----+--------+

Top non-repeatable levels by time:
     D:2: 1238 daAuts
     D:1: 1004 daAuts
     D:3: 897 daAuts
     D:5: 502 daAuts
     D:4: 426 daAuts
  Temple: 80 daAuts
